Map: [ESL] Royal Blood

Players

Scarlett

  • Race: Zerg Zerg
  • Spawn Location: 1:00

ByuN - Winner!

  • Race: Terran Terran
  • Spawn Location: 7:00

Event: ESL SC2 Masters 2023 Summer (Finals)

VOD

Have the link to the VOD?

Description

Time

  • Played on: June 16, 2023, 8:10 a.m.
  • Length: 6:14

All games in this series

Show
View Real Time Build Order
Export as new Build Order

Scarlett Zerg 

Build Orders: Hatch First 

Get SALT Encoding   

  12  0:00  Drone  
  13  0:13  Overlord  
  13  0:17  Drone  
  14  0:31  Drone x2  
  16  0:46  Hatchery  
  15  0:51  Drone  
  15  0:54  Drone  
  15  0:57  Drone  
  18  1:09  Extractor  
  17  1:12  Spawning Pool  
  17  1:15  Drone  
  17  1:19  Drone  
  18  1:28  Drone  
  19  1:39  Drone  
  20  1:52  Drone  
  21  1:59  Queen x2  
  21  2:00  Zergling x4  
  27  2:09  Zergling x2  
  27  2:14  Overlord, Metabolic Boost  
  28  2:29  Hatchery  
  27  2:30  Zergling x2  
  27  2:35  Drone  
  27  2:36  Drone  
  30  2:42  Queen  
  32  2:46  Drone  
  32  2:49  Overlord  
  33  2:55  Drone  
  34  3:02  Drone x2  
  36  3:09  Drone x5  
  41  3:12  Overlord  
  41  3:21  Drone, Queen  
  44  3:31  Zergling x4  
  46  3:36  Drone  
  47  3:42  Drone x5  
  47  3:44  Queen  
  54  3:50  Overlord  
  54  3:51  Drone x3  
  57  3:58  Overlord  
  57  4:05  Drone  
  57  4:08  Overlord, Queen  
  60  4:12  Drone x3  
  60  4:14  Queen  
  65  4:20  Drone x4  
  69  4:24  Queen  
  69  4:26  Overlord, Drone x2  
  73  4:32  Overlord  
  73  4:34  Drone x3  
  76  4:40  Drone  
  76  4:44  Overlord  
  77  4:46  Drone x3, Queen  
  82  4:52  Hatchery  
  82  4:56  Zergling x6  
  82  4:58  Evolution Chamber  
  83  5:00  Zergling x6  
  83  5:02  Zergling x2  
  83  5:05  Queen  
  89  5:07  Zergling x6  
  89  5:13  Zergling x6  
  96  5:14  Baneling Nest  
  84  5:22  Zergling x16  
  84  5:25  Zergling x2  
  76  5:30  Queen  
  76  5:32  Zergling x4  
  76  5:34  Zergling x2  
  76  5:35  Zergling x4  
  71  5:38  Zergling x2  
  71  5:41  Zergling x2  
  64  5:44  Zergling x8  
  60  5:50  Zergling x2  
  60  5:55  Zergling x4  
Show
View Real Time Build Order
Export as new Build Order

ByuN Terran - Winner!

Build Orders:  

Get SALT Encoding   

  12  0:00  SCV  
  13  0:12  SCV  
  14  0:17  Supply Depot  
  14  0:24  SCV  
  15  0:38  SCV  
  15  0:40  Barracks  
  15  0:42  Refinery  
  16  0:50  SCV  
  17  0:58  Barracks  
  17  1:03  SCV  
  18  1:15  SCV  
  19  1:28  Orbital Command, Reaper  
  20  1:34  Supply Depot  
  20  1:45  Reaper  
  21  1:53  SCV  
  22  2:01  Reaper  
  22  2:05  SCV  
  24  2:10  Command Center  
  24  2:17  SCV  
  24  2:19  Barracks Reactor  
  25  2:29  Barracks, SCV  
  26  2:35  Barracks Tech Lab  
  26  2:39  Supply Depot  
  26  2:41  SCV  
  27  2:53  Barracks  
  27  2:54  SCV  
  27  2:55  Marine x2  
  30  3:00  Marine  
  31  3:06  Stimpack, SCV  
  32  3:14  Marine x2  
  32  3:18  SCV, Barracks Tech Lab  
  32  3:19  Marine  
  36  3:24  Orbital Command  
  36  3:31  SCV  
  36  3:32  Marine x2  
  39  3:37  Marine x2  
  41  3:43  SCV  
  41  3:45  Marine, Supply Depot  
  43  3:49  SCV  
  43  3:51  Combat Shield  
  43  3:52  Marine x2  
  43  3:55  Marine  
  47  3:56  SCV  
  47  3:58  Marine  
  49  4:03  Marine  
  49  4:04  Supply Depot  
  49  4:06  SCV  
  49  4:08  SCV  
  52  4:11  Marine x2  
  52  4:12  Marine  
  52  4:15  Marine  
  56  4:18  SCV  
  56  4:20  SCV  
  56  4:21  Marine  
  59  4:28  Supply Depot  
  59  4:29  Marine x2  
  59  4:30  SCV, Marine  
  63  4:32  SCV  
  63  4:34  Marine  
  65  4:38  Marine  
  65  4:42  SCV  
  65  4:45  SCV  
  68  4:47  Marine x2  
  68  4:50  Marine  
  68  4:51  Supply Depot  
  68  4:52  Marine  
  71  4:54  SCV  
  71  4:56  Marine  
  74  5:05  Marine x2  
  76  5:08  Marine  
  76  5:10  Marine  
  78  5:14  Marine  
  76  5:23  Marine x2  
  76  5:25  Marine  
  76  5:28  Marine  
  70  5:32  Marine  
  66  5:40  Marine  
  66  5:41  Marine  
  68  5:43  Marine  
  68  5:46  Marine  
  70  5:50  Marine  
  70  5:53  SCV  
  70  5:54  SCV  
Tags
 
Add a new tag
Caveats
  • Supply blocks, unpowered buildings, or Contaminate may cause inaccurate times.
  • Supply counts are checked every 10 seconds.